 Dungeon Crawl Stone Soup version 0.25-a0-989-gc08aec6 (webtiles) character file.

Game seed: 3083724521873202755, levelgen mode: deterministic

2361 Illumine the Magician (level 9, -4/51 HPs)
             Began as a Deep Elf Ice Elementalist on May 9, 2020.
             Was an Initiate of Vehumet.
             Slain by a wraith (10 damage)
             ... on level 7 of the Dungeon.
             The game lasted 00:22:20 (8298 turns).

Illumine the Magician (Deep Elf Ice Elementalist)   Turns: 8298, Time: 00:22:22

Health: -4/51      AC:  6    Str:  6    XL:     9   Next: 21%
Magic:  14/22      EV: 16    Int: 23    God:    Vehumet [......]
Gold:   367        SH:  0    Dex: 15    Spells: 7/22 levels left

rFire    + + .     SeeInvis .   i - +2 dagger (speed)
rCold    + . .     Gourm    .   (no shield)
rNeg     . . .     Faith    .   E - +1 robe {rF+}
rPois    .         Spirit   .   n - +0 helmet
rElec    .         Reflect  .   A - scarf {rC+ rF+}
rCorr    .         Harm     .   p - +0 pair of gloves
MR       +....                  w - +0 pair of boots
Stlth    ++........             (no amulet)
HPRegen  0.17/turn              b - ring of wizardry
MPRegen  0.18/turn              J - ring of protection from magic

@: slowed, very slow
A: no striking features
a: Renounce Religion


You were on level 7 of the Dungeon.
You worshipped Vehumet.
Vehumet was noncommittal.
You were not hungry.

You visited 2 branches of the dungeon, and saw 8 of its levels.

You collected 367 gold pieces.

Inventory:

Hand Weapons
 e - a +0 club
 g - a +0 dagger
 i - a +2 dagger of speed (weapon)
 t - a +1 vampiric dagger
 x - a +2 dagger of venom
Missiles
 v - 45 poisoned darts (quivered)
Armour
 n - a +0 helmet (worn)
 p - a +0 pair of gloves (worn)
 w - a +0 pair of boots (worn)
 A - a scarf of resistance (worn)
 E - a +1 robe of fire resistance (worn)
Jewellery
 b - a ring of wizardry (left hand)
 m - an uncursed ring of positive energy
 D - a +3 amulet of reflection {unknown}
 J - a ring of protection from magic (right hand)
Wands
 j - a wand of digging (3)
 H - a wand of polymorph (5)
 I - a wand of clouds (7)
 L - a wand of random effects (13)
Scrolls
 a - a scroll of summoning {unknown}
 d - 2 scrolls of teleportation
 l - a scroll of noise {unknown}
 o - a scroll of enchant weapon {unknown}
 s - a scroll of magic mapping {unknown}
 u - a scroll of enchant armour {unknown}
 y - 3 scrolls of remove curse
 C - 3 scrolls of blinking {unknown}
 G - 2 scrolls of random uselessness {unknown}
Potions
 f - 2 potions of curing
 h - a potion of resistance
 k - a potion of ambrosia
 q - 2 potions of haste
 r - 2 potions of might
 z - a potion of berserk rage {unknown}
 B - 2 potions of flight {unknown}
 F - 2 potions of heal wounds {unknown}
Comestibles
 c - 10 rations
 K - 10 chunks of flesh


   Skills:
 + Level 3.5 Fighting
 - Level 4.0 Short Blades
 + Level 6.3 Dodging
 - Level 2.4 Stealth
 + Level 7.4 Spellcasting
 + Level 4.4 Conjurations
 - Level 3.2 Charms
 + Level 3.8 Summonings
 + Level 6.9 Ice Magic


You had 7 spell levels left.
You knew the following spells:

 Your Spells              Type           Power        Failure   Level  Hunger
a - Freeze                Ice            ####         1%          1    None
b - Frozen Ramparts       Ice            #####.       1%          3    None
c - Ozocubu's Armour      Chrm/Ice       ####....     1%          3    None
d - Hailstorm             Conj/Ice       ####....     2%          4    ###....
e - Summon Ice Beast      Ice/Summ       ####....     3%          4    ###....

Your spell library contained the following spells:

 Spells                   Type           Power        Failure   Level  Hunger


Dungeon Overview and Level Annotations

Branches:
Dungeon (7/15)             Temple (1/1) D:4

Altars:
Ashenzari
Dithmenos
Elyvilon
Qazlal
Uskayaw
Vehumet
The Shining One

Shops:
D:4 !


Message History

The hound skeleton bites your ice beast.
Your ice beast barely misses the wraith.
Your ice beast hits the hound skeleton.
Your ice beast freezes the hound skeleton.
The hound skeleton resists.
You hit the wraith.
The wraith is lightly damaged.
The hound skeleton completely misses your ice beast.
The wraith hits you!
* * * LOW HITPOINT WARNING * * *
The wraith drains your vigour!
You feel yourself slow down.
Unknown command.
You feel better.
Your ice beast barely misses the wraith.
Your ice beast hits the hound skeleton.
Your ice beast freezes the hound skeleton.
The hound skeleton resists.
The hound skeleton bites your ice beast.
The wraith hits you!
You die...

##...#
#.....##.#
############
##...#
#.....##.# ..#
##...#
#......#.####..#
....##
#......#.#...#
.....
#......#.....#
.....
#.....##)#...#
#......Z.####..#
......YW# .#
......Y@# #
........#
........#
.......$.
.........
#.........
..........
...........


You could see a wraith, a hound skeleton and 2 friendly ice beasts.

Vanquished Creatures
  Sigmund (D:4)
  2 orc warriors
  A sky beast (D:5)
  A centaur (D:6)
  3 ogres
  A big kobold (D:7)
  A bullfrog (D:7)
  2 scorpions
  3 wights (D:6)
  A crimson imp (D:5)
  6 orc priests
  3 hounds
  A bullfrog skeleton (D:5)
  8 orc wizards
  Ijyb (D:3)
  An iguana (D:4)
  8 worker ants
  A worker ant zombie (D:5)
  A gnoll (D:1)
  4 adders
  A shadow imp (D:5)
  An adder zombie (D:6)
  6 worms
  A dart slug (D:4)
  5 leopard geckos
  27 orcs
  3 ball pythons
  11 bats
  3 giant cockroaches
  18 goblins
  10 hobgoblins
  13 jackals
  5 quokkas
  9 frilled lizards
  10 kobolds
  A quokka skeleton (D:4)
  6 rats
180 creatures vanquished.

Vanquished Creatures (collateral kills)
  Menkaure (D:4)
  An ice beast (D:6)
  A wight (D:6)
  An orc wizard (D:6)
  2 orcs (D:6)
6 creatures vanquished.

Grand Total: 186 creatures vanquished

Notes
Turn   | Place    | Note
-------+----------+-------------------------------------------
     0 | D:1      | Illumine the Deep Elf Ice Elementalist began the quest for
                  | the Orb.
     0 | D:1      | Reached XP level 1. HP: 10/10 MP: 6/6
   408 | D:1      | Reached XP level 2. HP: 15/15 MP: 6/8
   750 | D:1      | Reached XP level 3. HP: 2/19 MP: 6/10
  1040 | D:1      | Learned a level 3 spell: Frozen Ramparts
  1044 | D:1      | Learned a level 3 spell: Ozocubu's Armour
  1370 | D:2      | Reached skill level 4 in Spellcasting
  1370 | D:2      | Reached skill level 1 in Charms
  1370 | D:2      | Reached XP level 4. HP: 23/24 MP: 6/12
  1371 | D:2      | Noticed an orc warrior
  1527 | D:2      | Reached skill level 5 in Ice Magic
  1689 | D:2      | Learned a level 4 spell: Hailstorm
  2404 | D:3      | Reached XP level 5. HP: 28/28 MP: 9/13
  2588 | D:3      | Found a hide-covered altar of Uskayaw.
  2588 | D:3      | Found a shadowy altar of Dithmenos.
  2645 | D:3      | Reached skill level 1 in Fighting
  2645 | D:3      | Reached skill level 1 in Short Blades
  2888 | D:3      | Reached skill level 1 in Conjurations
  3283 | D:3      | Noticed Ijyb
  3296 | D:3      | Killed Ijyb
  3546 | D:4      | Reached XP level 6. HP: 31/34 MP: 10/15
  3755 | D:4      | Found Eskepty's Distillery.
  3768 | D:4      | Noticed Sigmund
  3803 | D:5      | Entered Level 5 of the Dungeon
  3983 | D:4      | Reached skill level 5 in Spellcasting
  4427 | D:4      | Noticed Menkaure
  4965 | D:5      | Reached XP level 7. HP: 38/39 MP: 12/16
  4974 | D:5      | Learned a level 4 spell: Summon Ice Beast
  5254 | D:5      | Reached skill level 1 in Summonings
  5285 | D:5      | Found a shattered altar of Ashenzari.
  5790 | D:5      | Found a white marble altar of Elyvilon.
  6130 | D:6      | Reached skill level 6 in Spellcasting
  6134 | D:6      | Reached skill level 5 in Dodging
  6292 | D:6      | Reached XP level 8. HP: 40/45 MP: 15/19
  7030 | D:4      | Killed Sigmund
  7133 | D:4      | Killed Menkaure
  7253 | D:4      | Found a staircase to the Ecumenical Temple.
  7295 | Temple   | Entered the Ecumenical Temple
  7394 | Temple   | Became a worshipper of Vehumet
  7798 | D:6      | Reached skill level 7 in Spellcasting
  7938 | D:7      | Noticed a two-headed ogre
  7971 | D:7      | Reached XP level 9. HP: 51/51 MP: 17/21
  8297 | D:7      | HP: 1/51 [wraith (14)]
  8298 | D:7      | Slain by a wraith

Illustrated notes

Levels and vault maps discovered:
D:1:      mrwooster_arrival_statue_3, layout_loops_ring
D:2:      layout_basic, guppyfry_early_orc_mine
D:3:      layout_loops_ring, minitemple, uniq_ijyb
D:4:      kennysheep_the_goblin_king, layout_gridville,
          minmay_temple_entry_glass, serial_shops, shop, uniq_menkaure,
          uniq_sigmund
D:5:      layout_rooms, kennysheep_little_box, first_ration, minmay_holes,
          ashenzari_altar_1
D:6:      layout_loops_corners
D:7:      minmay_blocky_corners, layout_basic
Temple:   regret_index_temple_generic_petals

Skill      XL: |  1  2  3  4  5  6  7  8 |
---------------+-------------------------+-----
Dodging        | 3 4 5 6 |  6.3
Spellcasting   | 4 5 6 7 |  7.4
Charms         | 1 2 3 |  3.2
Ice Magic      | 5 6 |  6.9
Fighting       | 1 2 3 |  3.5
Short Blades   | 1 2 3 4 |  4.0
Conjurations   | 1 2 3 4 |  4.4
Summonings     | 2 3 |  3.8
Stealth        | |  2.4

Action                   |  1- 3 |  4- 6 |  7- 9 || total
-------------------------+-------+-------+-------++-------
Melee: Dagger            |     7 |    61 |   210 ||   278
Throw: Dart              |       |       |     2 ||     2
 Cast: Freeze            |    30 |    49 |    18 ||    97
       Frozen Ramparts   |     1 |    19 |    22 ||    42
       Hailstorm         |       |     1 |     3 ||     4
       Summon Ice Beast  |       |       |    11 ||    11
       Ozocubu's Armour  |       |       |     2 ||     2
  Use: Scroll            |       |     7 |     1 ||     8
       Potion            |       |       |     1 ||     1
 Stab: Sleeping          |     4 |     6 |     3 ||    13
       Distracted        |       |       |     1 ||     1
  Eat: Chunk             |     1 |    10 |    11 ||    22
       Ration            |       |     1 |       ||     1
Armor: Robe              |     3 |    16 |    27 ||    46
Dodge: Dodged            |    22 |    56 |   101 ||   179

Table legend:
 A = Non-vault XP
 B = Vault XP
 C = Vault XP percentage of total XP
 D = Non-vault monster count
 E = Vault monster count
 F = Vault count percentage of total count
                 A         B        C        D         E       F
            +---------+---------+-------+---------+---------+-------
      Total |    2845 |     528 |  15.7 |     168 |      18 |   9.7
            +---------+---------+-------+---------+---------+-------
        D:1 |      57 |       0 |   0.0 |      26 |       0 |   0.0
        D:2 |     117 |      17 |  12.7 |      30 |       7 |  18.9
        D:3 |     107 |      36 |  25.2 |      21 |       1 |   4.5
        D:4 |     390 |     354 |  47.6 |      20 |       9 |  31.0
        D:5 |     544 |       0 |   0.0 |      22 |       0 |   0.0
        D:6 |    1094 |       0 |   0.0 |      35 |       0 |   0.0
        D:7 |     536 |     121 |  18.4 |      14 |       1 |   6.7
            +---------+---------+-------+---------+---------+-------
